 Dungeon Crawl Stone Soup version 0.29.0-4-gdea44cf6ec (webtiles) character file.

Game seed: 5393479310483208171

51 qw the Chopper (level 3, 0/21 HPs)
             Began as a Tengu Warper on Aug 28, 2022.
             Succumbed to their own poison gas
             ... on level 1 of the Dungeon.
             The game lasted 00:00:09 (1457 turns).

qw the Chopper (Tengu Warper)                       Turns: 1457, Time: 00:00:09

Health: 0/21       AC:  5    Str: 13    XL:     3   Next: 81%
Magic:  7/7        EV: 11    Int: 13    God:
Gold:   25         SH:  0    Dex: 13    Spells: 6/6 levels left

rFire   . . .      SeeInvis .   Y - +1 hand axe (drain)
rCold   . . .      Faith    .   (no shield)
rNeg    . . .      Spirit   .   k - +0 ring mail
rPois   .          Reflect  .   (helmet restricted)
rElec   .          Harm     .   (no cloak)
rCorr   .          Rampage  .   (no gloves)
Will    +....                   (boots unavailable)
Stlth   +.........              (no amulet)
HPRegen 0.07/turn               f - ring of willpower
MPRegen 0.10/turn               (no ring)

@: lethally poisoned (0 -> -2)
A: beak, talons 3
a: no special abilities


You were on level 1 of the Dungeon.
You visited 1 branch of the dungeon, and saw 2 of its levels.

You collected 25 gold pieces.


Innate Abilities, Weirdness & Mutations

You have a beak for a mouth.
You have claws for feet.


   Skills:
 - Level 2.0 Fighting
 + Level 4.4 Axes
 - Level 1.0 Throwing
 - Level 1.1 Armour
 - Level 2.1 Dodging
 - Level 2.0 Spellcasting
 - Level 2.4 Translocations


You had 6 spell levels left.
You didn't know any spells.
Your spell library contained the following spells:

 Spells                   Type           Power      Damage    Failure   Level
 Blink                    Tloc           14%        N/A       30%         2
 Gell's Gravitas          Tloc           7%         N/A       52%         3
 Lesser Beckoning         Tloc           7%         N/A       52%         3
 Teleport Other           Tloc           7%         N/A       52%         3
 Manifold Assault         Tloc           7%         N/A       99%         5

Inventory:

Hand Weapons
 g - a +0 whip
 Y - a +1 hand axe of draining (weapon)
Armour
 k - a +0 ring mail (worn)
Jewellery
 f - a ring of willpower (left hand)
Potions
 d - a potion of curing {unknown}
 j - a potion of mutation {unknown}

Dungeon Overview and Level Annotations

Branches:
Dungeon (2/15)

Altars:

Shops:
D:1 =


Message History

You barely miss the goblin. The goblin hits you with a +0 club.
You hit the goblin.
You kill the goblin!
You start resting.
HP restored.
a - a scroll labelled GAMEOV CABUEMID You see here a +0 club.
Done exploring.
1448 ||| READING scroll labelled GAMEOV CABUEMID.
The air fills with toxic fumes!
As you read the scroll labelled GAMEOV CABUEMID, it crumbles to dust.
It was a scroll of poison.
Done exploring.
(D) Dungeon
Where to? (* - list waypoints, Enter - D:2, ? - help)
What level of the Dungeon? (default 1, ? - help) Sorry, I don't know how to get there.
Done exploring.
1449 ||| Stepping randomly (stuck).
Really walk into that cloud of poison gas?
You are engulfed in poison gas.
You are poisoned.
You feel very sick.
1450 ||| Stepping ~*~*~tactically~*~*~ (cloud).
You feel sick.
You see here a +0 club.
There is a lethal amount of poison in your body!
You feel sick.
There is a lethal amount of poison in your body!
You feel sick.
There is a lethal amount of poison in your body!
You feel sick.
There is a lethal amount of poison in your body!
You feel sick.
There is a lethal amount of poison in your body!
You feel sick.
There is a lethal amount of poison in your body!
You feel sick.
There is a lethal amount of poison in your body!
You die...

#...## ##..## #.#..###...##
#.#.#.#..#.## ##########
#.#.......... .........####
#.###........ ##.#........#
#.####......#
##.#..##.##.#########0¤....#.##.#
#..#..##.##0#00¤¤¤¤000######.##.#
#.##..##.0¤¤¤00¤@¤¤¤0¤# #.....
#.##..#####00#####0¤¤¤#### ###...
......#####..###....0¤0..# #...
#.###.....%..##.......¤..# #...
.....####.....#..........#####...
#.##.# #.............####.......
#.##.# #........##......%.......
#..#.# #.>...##.##...####.......
##.#.# #.....##.##.#.# #####...


There were no monsters in sight!

Vanquished Creatures
  An adder (D:2)
  2 dart slugs
  3 bats
  3 endoplasms (D:1)
  2 giant cockroaches (D:1)
  2 goblins (D:1)
  2 hobgoblins (D:1)
  2 jackals (D:1)
  A quokka (D:1)
  2 ball pythons
  2 frilled lizards (D:1)
  7 kobolds
  7 rats
36 creatures vanquished.

Notes
Turn   | Place    | Note
-------+----------+-------------------------------------------
     0 | D:1      | qw the Tengu Warper began the quest for the Orb.
     0 | D:1      | Reached XP level 1. HP: 12/12 MP: 4/4
     0 | D:1      | 0 ||| qw: Version: 0.1-a-89-g26bdef1
     0 | D:1      | 0 ||| qw: Game counter: 1424
     0 | D:1      | 0 ||| qw: Always use a shield: true
     0 | D:1      | 0 ||| qw: God list: Okawaru
     0 | D:1      | 0 ||| qw: Allow faded altars: false
     0 | D:1      | 0 ||| qw: Do Orc after D:15 true
     0 | D:1      | 0 ||| qw: Do second Lair branch before Depths: true
     0 | D:1      | 0 ||| qw: Lair rune preference: random
     0 | D:1      | 0 ||| qw: Plans: Normal
     0 | D:1      | 0 ||| PLANNING D:1-11
    90 | D:1      | Found Wil Okho's Jewellery Emporium.
    95 | D:1      | 95 ||| SHOPLISTING +4 ring of protection (468 gold, have
                  | 0).
    95 | D:1      | 95 ||| SHOPLISTING +4 ring of slaying (1014 gold, have 0).
    95 | D:1      | 95 ||| SHOPLISTING ring "Gaafowk" {rPois rN+ Dex+2 Stlth+}
                  | (496 gold, have 0).
    95 | D:1      | 95 ||| SHOPLISTING ring "Ujext" {Wiz rElec rF++ Int+2
                  | Stlth-} (835 gold, have 0).
    95 | D:1      | 95 ||| SHOPLISTING ring of ice (325 gold, have 0).
    95 | D:1      | 95 ||| SHOPLISTING ring of positive energy (260 gold, have
                  | 0).
   146 | D:1      | Reached skill level 3 in Axes
   146 | D:1      | Reached XP level 2. HP: 17/17 MP: 6/6
   490 | D:1      | 490 ||| Stepping ~*~*~tactically~*~*~ (stealth).
   494 | D:1      | 494 ||| Stepping ~*~*~tactically~*~*~ (stealth).
   548 | D:1      | Reached XP level 3. HP: 21/21 MP: 7/7
   919 | D:1      | Reached skill level 4 in Axes
   966 | D:1      | 966 ||| UPGRADING to +0 ring mail.
   976 | D:1      | 976 ||| DROPPING +0 leather armour.
   977 | D:1      | 977 ||| UPGRADING to ring of willpower.
   978 | D:1      | 978 ||| READING scroll labelled ZUZOIGR WASIA.
   979 | D:1      | 979 ||| READING scroll labelled JIGHOLL JYWKEA.
   980 | D:1      | 980 ||| READING 2 scrolls labelled CIGRIZ GARCH.
   981 | D:1      | 981 ||| READING scroll labelled UFUOGIS YNLEOSK.
   982 | D:1      | 982 ||| DROPPING scroll of blinking.
   983 | D:1      | 983 ||| DROPPING scroll of fear.
  1078 | D:2      | Found a faded altar of an unknown god.
  1203 | D:2      | 1203 ||| Stepping ~*~*~tactically~*~*~ (stealth).
  1214 | D:2      | 1214 ||| FLEEEEING.
  1215 | D:2      | 1215 ||| FLEEEEING.
  1216 | D:2      | 1216 ||| FLEEEEING.
  1217 | D:2      | 1217 ||| FLEEEEING.
  1218 | D:2      | 1218 ||| FLEEEEING.
  1219 | D:2      | 1219 ||| FLEEEEING.
  1220 | D:2      | 1220 ||| FLEEEEING.
  1221 | D:2      | 1221 ||| FLEEEEING.
  1222 | D:2      | 1222 ||| FLEEEEING.
  1223 | D:2      | 1223 ||| FLEEEEING.
  1224 | D:2      | 1224 ||| FLEEEEING.
  1225 | D:2      | 1225 ||| FLEEEEING.
  1226 | D:2      | 1226 ||| FLEEEEING.
  1227 | D:2      | 1227 ||| FLEEEEING.
  1228 | D:2      | 1228 ||| FLEEEEING.
  1229 | D:2      | 1229 ||| FLEEEEING.
  1230 | D:2      | 1230 ||| FLEEEEING.
  1231 | D:2      | 1231 ||| FLEEEEING.
  1233 | D:2      | 1233 ||| FLEEEEING.
  1234 | D:2      | 1234 ||| FLEEEEING.
  1235 | D:2      | 1235 ||| FLEEEEING.
  1236 | D:2      | 1236 ||| FLEEEEING.
  1237 | D:2      | 1237 ||| STAIRDANCE
  1333 | D:1      | 1333 ||| READING scroll labelled SOHEYL NULIKI.
  1336 | D:2      | 1336 ||| STAIRDANCE
  1448 | D:1      | 1448 ||| READING scroll labelled GAMEOV CABUEMID.
  1449 | D:1      | 1449 ||| Stepping randomly (stuck).
  1450 | D:1      | 1450 ||| Stepping ~*~*~tactically~*~*~ (cloud).
  1452 | D:1      | HP: 5/21 [poisoned by you (poison gas)]
  1455 | D:1      | HP: 2/21 [poisoned by you (poison gas)]
  1457 | D:1      | Succumbed to their own poison gas

Levels and vault maps discovered:
D:1:      wheals_arrival_shading, layout_loops_cross, serial_shops,
          nicolae_shop_advertising_works [nicolae_subvault_shop_adworks]
D:2:      layout_basic, hellmonk_ecumenical_altar_arch_garden,
          minmay_split_cup_large

Skill      XL: |  1  2  3 |
---------------+----------+-----
Axes           | 3 4 |  4.4
Fighting       | |  2.0
Throwing       | |  1.0
Armour         | |  1.1
Dodging        | |  2.1
Spellcasting   | |  2.0
Translocations | |  2.4

Action                   || total
-------------------------++-------
Melee: Hand axe          ||    74
       Peck              ||     6
       Kick              ||    13
       Punch             ||     1
Throw: Boomerang         ||     7
  Use: Scroll            ||     6
Armor: Leather armour    ||    13
       Ring mail         ||     4
Dodge: Dodged            ||    26

Table legend:
 A = Non-vault XP
 B = Vault XP
 C = Vault XP percentage of total XP
 D = Non-vault monster count
 E = Vault monster count
 F = Vault count percentage of total count
                 A         B        C        D         E       F
            +---------+---------+-------+---------+---------+-------
      Total |      73 |       0 |   0.0 |      36 |       0 |   0.0
            +---------+---------+-------+---------+---------+-------
        D:1 |      48 |       0 |   0.0 |      29 |       0 |   0.0
        D:2 |      25 |       0 |   0.0 |       7 |       0 |   0.0
            +---------+---------+-------+---------+---------+-------
